SAAA
SALT LAKE CITY BUZZ @ ALLOWAY HALBERDS
07/05/2028
 
TOP OF THE 1ST
Salt Lake City Buzz batting - Pitching for Alloway Halberds : RHP Orlando De Jesús
Pitching: RHP Orlando De Jesús
Batting: RHB Alejandro Herrera 0-0: Called Strike
0-1: Ball
1-1: Called Strike
1-2: Ball
2-2: Ground out 6-3 (Groundball, 6S)
Batting: RHB Jung-hwan Kwon 0-0: Ball
1-0: DOUBLE (Line Drive, 7LD)
Batting: LHB Frank Sharp 0-0: Ball
1-0: Swinging Strike
1-1: DOUBLE (Line Drive, 78D)
Jung-hwan Kwon scores
Batting: RHB Vicente Cruz 0-0: Called Strike
0-1: Ground out 4-3 (Groundball, 4)
Frank Sharp to third
Batting: LHB Ángel Aguilar 0-0: Called Strike
0-1: Foul Ball, location: 2F
0-2: Ball
Wild Pitch!
Frank Sharp scores
1-2: Foul Ball, location: 2F
1-2: Fly out, F7 (Flyball, 7S)
Top of the 1st over - 2 run(s), 2 hit(s), 0 error(s), 0 left on base; Salt Lake City 2 - Alloway 0
BOTTOM OF THE 1ST
Alloway Halberds batting - Pitching for Salt Lake City Buzz : RHP Brian Morris
Pitching: RHP Brian Morris
Batting: RHB Rafael Delgado 0-0: Ball
1-0: SINGLE (Flyball, 8RS)
Batting: RHB Bryan Clifton 0-0: Ball
1-0: Called Strike
1-1: Ball
2-1: Fly out, F5 (Popup, 5)
Batting: LHB Jorge Flores 0-0: Called Strike
Rafael Delgado steals 2nd base
0-1: Ball
1-1: Ball
2-1: Ball
3-1: Called Strike
3-2: DOUBLE (Flyball, 8RXD)
Rafael Delgado scores
Batting: RHB Vito Middendorf 0-0: Ball
1-0: Called Strike
1-1: Foul Ball, location: 2F
1-2: Foul Ball, location: 2F
1-2: Strikes out swinging
Batting: RHB Juan Salinas 0-0: SINGLE (Line Drive, 56D)
Jorge Flores to third
Runner from 3rd tries for Home, SAFE, throw made home
Juan Salinas to second
Batting: RHB Christovăo Galho 0-0: Foul Ball, location: 2F
0-1: Swinging Strike
0-2: Foul Ball, location: 2F
0-2: Ball
1-2: Foul Ball, location: 2F
1-2: Ground out 5-3 (Groundball, 5L)
Bottom of the 1st over - 2 run(s), 3 hit(s), 0 error(s), 1 left on base; Salt Lake City 2 - Alloway 2
TOP OF THE 2ND
Salt Lake City Buzz batting - Pitching for Alloway Halberds : RHP Orlando De Jesús
Batting: RHB Justin MacPherson 0-0: Ball
1-0: SINGLE (Flyball, 78S)
Batting: LHB Roberto Soto 0-0: Called Strike
0-1: Ball
1-1: Fly out, F9 (Line Drive, 9D)
Batting: RHB Gustavo Berrios 0-0: Ball
1-0: Ball
Justin MacPherson is caught stealing 2nd base
2-0: Ground out 6-3 (Groundball, 6)
Top of the 2nd over - 0 run(s), 1 hit(s), 0 error(s), 0 left on base; Salt Lake City 2 - Alloway 2
BOTTOM OF THE 2ND
Alloway Halberds batting - Pitching for Salt Lake City Buzz : RHP Brian Morris
Batting: RHB Carlos De Jesús 0-0: Ball
1-0: Ball
2-0: Ball
3-0: Called Strike
3-1: Ground out 5-3 (Groundball, 56)
Batting: RHB Nathan Boswell 0-0: Ball
1-0: Ball
2-0: Called Strike
2-1: DOUBLE (Line Drive, 78D)
Batting: RHB Wes Bradley 0-0: Called Strike
0-1: Ball
Nathan Boswell steals 3rd base
1-1: Ball
2-1: Ball
3-1: SINGLE (Groundball, 56D)
Nathan Boswell scores
Batting: RHB Rafael Delgado 0-0: Grounds into double play, 5-4-3 (Groundball, 56)
Bottom of the 2nd over - 1 run(s), 2 hit(s), 0 error(s), 0 left on base; Salt Lake City 2 - Alloway 3
TOP OF THE 3RD
Salt Lake City Buzz batting - Pitching for Alloway Halberds : RHP Orlando De Jesús
Batting: RHB Quigley Gibson 0-0: Called Strike
0-1: Ball
1-1: Ball
2-1: Ball
3-1: Base on Balls
Batting: RHB Alejandro Herrera 0-0: Fielders Choice at 2nd, 6-4 (Groundball, 6)
Batting: RHB Jung-hwan Kwon 0-0: Ball
1-0: Ball
2-0: Called Strike
2-1: Ball
Throwing error on steal attempt, E2
Alejandro Herrera to third
3-1: Ground out 5-3 (Groundball, 5L)
Batting: LHB Frank Sharp 0-0: Ball
1-0: Called Strike
1-1: Ball
Passed Ball!
Alejandro Herrera scores
2-1: Ball
3-1: Base on Balls
Batting: RHB Vicente Cruz 0-0: Called Strike
0-1: Fly out, F9 (Flyball, 89M)
Top of the 3rd over - 1 run(s), 0 hit(s), 1 error(s), 1 left on base; Salt Lake City 3 - Alloway 3
BOTTOM OF THE 3RD
Alloway Halberds batting - Pitching for Salt Lake City Buzz : RHP Brian Morris
Batting: RHB Bryan Clifton 0-0: Ball
1-0: Ball
2-0: Ball
3-0: Base on Balls
Batting: LHB Jorge Flores 0-0: Ball
Wild Pitch!
Bryan Clifton to second
1-0: Foul Ball, location: 2F
1-1: Fly out, F8 (Flyball, 8RM)
Batting: RHB Vito Middendorf 0-0: Called Strike
0-1: Foul Ball, location: 2F
0-2: Ball
1-2: Foul Ball, location: 2F
1-2: Fly out, F8 (Flyball, 8LM)
Batting: RHB Juan Salinas 0-0: SINGLE (Flyball, 9LS)
Bryan Clifton to third
Runner from 3rd tries for Home, SAFE, no throw
Batting: RHB Christovăo Galho 0-0: Ball
1-0: Called Strike
1-1: Called Strike
1-2: Foul Ball, location: 2F
1-2: Fielders Choice at 2nd, 4-6 (Groundball, 4)
Bottom of the 3rd over - 1 run(s), 1 hit(s), 0 error(s), 0 left on base; Salt Lake City 3 - Alloway 4
TOP OF THE 4TH
Salt Lake City Buzz batting - Pitching for Alloway Halberds : RHP Orlando De Jesús
Batting: LHB Ángel Aguilar 0-0: Ball
1-0: Swinging Strike
1-1: Ball
2-1: Ball
3-1: Ground out U3 (Groundball, 34S)
Batting: RHB Justin MacPherson 0-0: Ball
1-0: Called Strike
1-1: SINGLE (Groundball, 56) (infield hit)
Batting: LHB Roberto Soto 0-0: Ball
1-0: Called Strike
1-1: Ball
2-1: Ball
3-1: Base on Balls
Justin MacPherson to second
Batting: RHB Gustavo Berrios 0-0: Grounds into double play, 5-4-3 (Groundball, 56)
Top of the 4th over - 0 run(s), 1 hit(s), 0 error(s), 1 left on base; Salt Lake City 3 - Alloway 4
BOTTOM OF THE 4TH
Alloway Halberds batting - Pitching for Salt Lake City Buzz : RHP Brian Morris
Batting: RHB Carlos De Jesús 0-0: Called Strike
0-1: Called Strike
0-2: DOUBLE (Flyball, 8LXD)
Batting: RHB Nathan Boswell 0-0: Called Strike
0-1: Foul Ball, location: 2F
0-2: Ground out 4-3 (Groundball, 4S)
Carlos De Jesús to third
Batting: RHB Wes Bradley 0-0: Called Strike
0-1: Foul Ball, location: 2F
0-2: Ball
1-2: Ball
2-2: Foul Ball, location: 2F
2-2: Ball
3-2: Strikes out swinging
Batting: RHB Rafael Delgado 0-0: Ball
1-0: Ball
2-0: Swinging Strike
2-1: Swinging Strike
2-2: Foul Ball, location: 2F
2-2: Ball
3-2: SINGLE (Groundball, 6MD)
Carlos De Jesús scores
Batting: RHB Bryan Clifton 0-0: Ball
1-0: Ball
2-0: Fielders Choice at 2nd, 4-6 (Groundball, 4)
Bottom of the 4th over - 1 run(s), 2 hit(s), 0 error(s), 0 left on base; Salt Lake City 3 - Alloway 5
TOP OF THE 5TH
Salt Lake City Buzz batting - Pitching for Alloway Halberds : RHP Orlando De Jesús
Batting: RHB Quigley Gibson 0-0: Fly out, F8 (Flyball, 8LD)
Batting: RHB Alejandro Herrera 0-0: Ball
1-0: Ball
2-0: Ball
3-0: Base on Balls
Batting: RHB Jung-hwan Kwon 0-0: Ball
1-0: Ball
2-0: Called Strike
2-1: Ball
3-1: Called Strike
3-2: Fly out, F5 (Popup, 5S)
Batting: LHB Frank Sharp 0-0: Ball
1-0: Ball
Alejandro Herrera steals 2nd base
2-0: Ball
3-0: Base on Balls
Batting: RHB Vicente Cruz 0-0: Swinging Strike
0-1: Ball
1-1: Fly out, F8 (Flyball, 89M)
Top of the 5th over - 0 run(s), 0 hit(s), 0 error(s), 2 left on base; Salt Lake City 3 - Alloway 5
BOTTOM OF THE 5TH
Alloway Halberds batting - Pitching for Salt Lake City Buzz : RHP Brian Morris
Batting: LHB Jorge Flores 0-0: Foul Ball, location: 2F
0-1: Ball
1-1: SINGLE (Groundball, 4MD)
Batting: RHB Vito Middendorf 0-0: Ball
1-0: Swinging Strike
1-1: Fly out, F8 (Flyball, 8RXD)
Batting: RHB Juan Salinas 0-0: Grounds into double play, 4-6-3 (Groundball, 4)
Bottom of the 5th over - 0 run(s), 1 hit(s), 0 error(s), 0 left on base; Salt Lake City 3 - Alloway 5
TOP OF THE 6TH
Salt Lake City Buzz batting - Pitching for Alloway Halberds : RHP Orlando De Jesús
Batting: LHB Ángel Aguilar 0-0: Ball
1-0: Foul Ball, location: 2F
1-1: Ground out U3 (Groundball, 34)
Batting: RHB Justin MacPherson 0-0: Foul Ball, location: 2F
0-1: Ball
1-1: Ball
2-1: Foul Ball, location: 2F
2-2: Foul Ball, location: 2F
2-2: Ball
3-2: Foul Ball, location: 2F
3-2: Fly out, F2 (Popup, 13S)
Batting: LHB Roberto Soto 0-0: Called Strike
0-1: Ball
1-1: Foul Ball, location: 2F
1-2: Foul Ball, location: 2F
1-2: Foul Ball, location: 2F
1-2: Reached on error, E3 (Groundball, 34)
Pitching: RHP Rewa Malaki
Batting: RHB Gustavo Berrios 0-0: Ball
Roberto Soto steals 2nd base
1-0: Called Strike
1-1: Fly out, F8 (Flyball, 8RM)
Top of the 6th over - 0 run(s), 0 hit(s), 1 error(s), 1 left on base; Salt Lake City 3 - Alloway 5
BOTTOM OF THE 6TH
Alloway Halberds batting - Pitching for Salt Lake City Buzz : RHP Brian Morris
Batting: RHB Christovăo Galho 0-0: Swinging Strike
0-1: Ball
1-1: Ball
2-1: Ball
3-1: Foul Ball, location: 2F
3-2: Foul Ball, location: 2F
3-2: Foul Ball, location: 2F
3-2: Foul Ball, location: 2F
3-2: Ground out 5-3 (Groundball, 56)
Batting: RHB Carlos De Jesús 0-0: Ball
1-0: Called Strike
1-1: Swinging Strike
1-2: Foul Ball, location: 2F
1-2: Foul Ball, location: 2F
1-2: Strikes out looking
Batting: RHB Nathan Boswell 0-0: Ground out 5-3 (Groundball, 56)
Bottom of the 6th over - 0 run(s), 0 hit(s), 0 error(s), 0 left on base; Salt Lake City 3 - Alloway 5
TOP OF THE 7TH
Salt Lake City Buzz batting - Pitching for Alloway Halberds : RHP Rewa Malaki
Batting: RHB Quigley Gibson 0-0: Foul Ball, location: 2F
0-1: Ground out 5-3 (Groundball, 5L)
Batting: RHB Alejandro Herrera 0-0: Ball
1-0: Called Strike
1-1: Ball
2-1: Ball
3-1: Base on Balls
Batting: RHB Jung-hwan Kwon 0-0: Ball
1-0: Ball
2-0: Called Strike
2-1: Grounds into double play, 4-6-3 (Groundball, 4)
Top of the 7th over - 0 run(s), 0 hit(s), 0 error(s), 0 left on base; Salt Lake City 3 - Alloway 5
BOTTOM OF THE 7TH
Alloway Halberds batting - Pitching for Salt Lake City Buzz : RHP Brian Morris
Pitching: RHP Powell Horne
Batting: RHB Wes Bradley 0-0: Called Strike
0-1: Foul Ball, location: 2F
0-2: Foul Ball, location: 2F
0-2: Ball
1-2: Ball
2-2: Ground out 6-3 (Groundball, 6)
Batting: RHB Rafael Delgado 0-0: Ball
1-0: Called Strike
1-1: Called Strike
1-2: Ball
2-2: Ground out 5-3 (Groundball, 56)
Batting: RHB Bryan Clifton 0-0: Ball
1-0: SINGLE (Line Drive, 34D)
Batting: LHB Jorge Flores 0-0: Ball
1-0: Fly out, F4 (Line Drive, 4)
Bottom of the 7th over - 0 run(s), 1 hit(s), 0 error(s), 1 left on base; Salt Lake City 3 - Alloway 5
TOP OF THE 8TH
Salt Lake City Buzz batting - Pitching for Alloway Halberds : RHP Rewa Malaki
Batting: LHB Frank Sharp 0-0: Called Strike
0-1: Fly out, F5 (Popup, 5D)
Batting: RHB Vicente Cruz 0-0: Called Strike
0-1: Ball
1-1: Ball
2-1: Foul Ball, location: 2F
2-2: Foul Ball, location: 2F
2-2: Ball
3-2: Fly out, F4 (Line Drive, 4)
Batting: LHB Ángel Aguilar 0-0: Ball
1-0: Foul Ball, location: 2F
1-1: Ball
2-1: Called Strike
2-2: Ball
3-2: Foul Ball, location: 2F
3-2: Base on Balls
Pitching: RHP John Hicks
Batting: RHB Justin MacPherson 0-0: Swinging Strike
0-1: Ball
1-1: Called Strike
1-2: Strikes out swinging
Top of the 8th over - 0 run(s), 0 hit(s), 0 error(s), 1 left on base; Salt Lake City 3 - Alloway 5
BOTTOM OF THE 8TH
Alloway Halberds batting - Pitching for Salt Lake City Buzz : RHP Powell Horne
Batting: RHB Vito Middendorf 0-0: Called Strike
0-1: Ball
1-1: Called Strike
1-2: Strikes out swinging
Batting: RHB Juan Salinas 0-0: Ball
1-0: Ball
2-0: SINGLE (Groundball, 56) (infield hit)
Batting: RHB Christovăo Galho 0-0: Fly out, F4 (Line Drive, 4M)
Batting: RHB Carlos De Jesús 0-0: Fly out, F8 (Flyball, 8LM)
Bottom of the 8th over - 0 run(s), 1 hit(s), 0 error(s), 1 left on base; Salt Lake City 3 - Alloway 5
TOP OF THE 9TH
Salt Lake City Buzz batting - Pitching for Alloway Halberds : RHP John Hicks
Batting: LHB Roberto Soto 0-0: Called Strike
0-1: Called Strike
0-2: Ground out 4-3 (Groundball, 4)
Batting: RHB Gustavo Berrios 0-0: Ball
1-0: Ball
2-0: Ball
3-0: Called Strike
3-1: Called Strike
3-2: SINGLE (Line Drive, 56D)
Pinch Hitting: SHB Jasper Otto 0-0: Called Strike
0-1: Foul Ball, location: 2F
0-2: Strikes out swinging
Pinch Hitting: LHB Randy Schlosser 0-0: Called Strike
0-1: Ground out 4-3 (Groundball, 34)
Top of the 9th over - 0 run(s), 1 hit(s), 0 error(s), 1 left on base; Salt Lake City 3 - Alloway 5
Friday, August 11th, 2017 - OOTP Baseball 17.12 Build 75